 Dungeon Crawl Stone Soup version 0.19-a0-1732-g0b18a7b (webtiles) character file.

20779 Lochraine the Carver (level 12, -4/106 HPs)
             Began as a Minotaur Berserker on Sept 30, 2016.
             Was a High Priest of Trog.
             Slain by a spiny frog (12 damage)
             ... on level 4 of the Lair of Beasts.
             The game lasted 00:52:55 (11141 turns).

Lochraine the Carver (Minotaur Berserker)          Turns: 11141, Time: 00:52:56

Health: -4/106     AC: 26    Str: 19    XL:     12   Next: 48%
Magic:  17/17      EV:  9    Int: 10    God:    Trog [*****.]
Gold:   794        SH:  5    Dex: 14    Spells: 0 memorised, 11 levels left

rFire  . . .     SeeInvis .     a - +0 falchion
rCold  . . .     Gourm    .     W - +7 plate armour "Zigept" {rElec MR+ Str-3 Int+5}
rNeg   . . .     Faith    .     A - +0 buckler
rPois  +         Spirit   .     (helmet restricted)
rElec  +         Dismiss  .     R - +0 cloak
rCorr  .         Reflect  .     k - +0 pair of gloves
MR     +....     Harm     .     (no boots)
Stlth  ..........               G - amulet of regeneration
                                D - ring of stealth
                                t - ring of poison resistance

@: lethally poisoned (-4 -> -13), exhausted, slowed, very slow
A: retaliatory headbutt, horns 2
a: Berserk, Trog's Hand, Brothers in Arms, Burn Spellbooks, Renounce Religion


You were on level 4 of the Lair of Beasts.
You worshipped Trog.
Trog was extremely pleased with you.
You were near starving.

You visited 3 branches of the dungeon, and saw 14 of its levels.

You collected 794 gold pieces.

Inventory:

Hand Weapons
 a - a +0 falchion (weapon)
 b - a +0 shortbow
 h - a +0 mace of holy wrath
Missiles
 e - 178 arrows
Armour
 k - a +0 pair of gloves (worn)
 s - a +3 leather armour
 y - a +3 ring mail
 A - a +0 buckler (worn)
 R - a +0 cloak (worn)
 W - the +7 plate armour "Zigept" (worn) {rElec MR+ Str-3 Int+5}
   (You found it on level 8 of the Dungeon)

   It affects your strength (-3).
   It affects your intelligence (+5).
   It insulates you from electricity.
   It affects your resistance to hostile enchantments.
Jewellery
 t - a ring of poison resistance (left hand)
 D - a ring of stealth (right hand)
 G - an amulet of regeneration (around neck)
Wands
 g - a wand of digging (12/24)
 j - a wand of polymorph (12/24)
 n - a wand of random effects (26/48)
 v - a wand of confusion (20/48)
 z - a wand of teleportation (0/9)
 K - a wand of confusion (23/48)
 T - a wand of heal wounds (0/9)
Scrolls
 d - a scroll of fear {unknown}
 f - 4 scrolls of identify
 m - a scroll of fog
 o - a scroll of recharging {unknown}
 p - 4 scrolls of teleportation
 q - a scroll of enchant armour {unknown}
 w - a scroll of magic mapping {unknown}
 E - 2 scrolls of blinking
 F - 4 scrolls of immolation
 H - 3 scrolls of remove curse
 U - a scroll of holy word {unknown}
 Y - a scroll of brand weapon {unknown}
 Z - a scroll of noise {unknown}
Potions
 l - 2 potions of heal wounds
 r - 4 potions of curing
 u - 2 potions of flight
 x - 4 potions of brilliance {unknown}
 B - a potion of cancellation {unknown}
 C - 3 potions of lignification {unknown}
 I - 2 potions of haste {unknown}
 L - 2 potions of might {unknown}
 N - a potion of resistance {unknown}
 P - 4 potions of magic {unknown}
Miscellaneous
 O - a phial of floods (inert)
Comestibles
 c - 12 bread rations
 i - 6 meat rations
 J - 7 slices of pizza
 M - 5 fruits
 Q - 5 beef jerkies
 S - 7 chunks of flesh
 V - a royal jelly


   Skills:
 + Level 10.1 Fighting
 - Level 14.0 Long Blades
 - Level 13.0 Armour
 - Level 5.2 Dodging
 - Level 5.0 Shields
 - Level 8.2 Evocations


You had 11 spell levels left.
You didn't know any spells.

Dungeon Overview and Level Annotations

Branches:
Dungeon (9/15)             Temple (1/1) D:6            Lair (4/6) D:8
 Shoals (0/4) Lair:2
  Snake: Lair:2-4    Spider: Lair:2-4       Orc: D:9-12

Altars:
Ashenzari
Dithmenos
Elyvilon
Gozag
Hepliaklqana
Kikubaaqudgha
Makhleb
Nemelex Xobeh
Ru
Sif Muna
Trog
Uskayaw
Vehumet
Xom
Yredelemnul
Zin
The Shining One

Annotations:
D:9 Gastronok


Innate Abilities, Weirdness & Mutations

You reflexively headbutt those who attack you in melee.
You have a pair of horns on your head.


Message History

The spiny frog stings you but does no damage.
You slash the spiny frog!
The spiny frog is moderately wounded.
You are no longer berserk.
You are exhausted.
You feel yourself slow down.
You are near starving!
You feel sick.
The dream sheep "Baaaas" sleepily.
The dream sheep shake their wool and sparkle.
You feel drowsy...
You fall asleep.
You feel sick.
The spiny frog stings you but does no damage.
The basilisk gazes at you. You resist with almost no effort.
You feel sick. The spiny frog stings you!
You wake up.
* * * LOW HITPOINT WARNING * * *
The basilisk gazes at you. You resist with almost no effort.
The spiny frog stings you!
You die...

.)... ... ..P. ## .. .... .
.. #. #..#.# #. ##..
#..#.## #. .# #...
##...#.###### $#..# #...
#...#.#.##.l##F#.#
#P..#####...#.#.@##.y#..#
.P.....##.P..#.##Fy##†.# .
.................Ykl...#..#
........†........Y.......#
###P..####.............#..
#P..###.P..#.##..##..##...
#....###..#.#..##..#..#.#.
##..## #.#.#.##..##.#.# .
#..# ##..#.## ### #..#


You could see a spiny frog, a basilisk, a rime drake, a wyvern, a meliai and 2
dream sheep.

Vanquished Creatures
  A manticore (Lair:2)
  10 elephants
  2 black mambas
  The ghost of azzavlup the Grappler, a novice DrMo (D:4)
  7 spiny frogs
  2 komodo dragons
  Grinder (D:3)
  16 blink frogs
  2 dream sheep (Lair:4)
  3 hippogriffs
  4 hogs (D:7)
  3 wyverns (Lair:3)
  7 yaks
  A human (D:7)
  4 basilisks
  2 hell hounds (D:8)
  7 water moccasins
  5 porcupines
  A black bear (D:9)
  2 orc warriors
  A necrophage (D:6)
  3 phantoms
  An ice beast (D:6)
  3 ogres
  5 wolves
  A centaur (D:8)
  7 crocodiles
  4 bullfrogs
  A wyvern skeleton (D:6)
  A water moccasin skeleton (D:6)
  2 scorpions
  5 wights (D:7)
  19 killer bees (Lair:4)
  2 howler monkeys
  A vampire bat (D:4)
  3 crimson imps
  A centaur zombie (D:7)
  4 hounds
  A gnoll shaman (D:6)
  2 orc priests
  6 iguanas
  6 worker ants
  A bullfrog skeleton (D:6)
  6 orc wizards
  Terence (D:3)
  A hound skeleton (D:6)
  2 hound zombies
  A worker ant zombie (D:7)
  7 gnolls
  A howler monkey skeleton (D:4)
  9 adders
  10 river rats (Lair:3)
  A shadow imp (D:6)
  An ooze (D:1)
  An adder skeleton (D:4)
  2 worms
  3 dart slugs
  3 fire bats (D:4)
  A leopard gecko (D:3)
  12 orcs
  2 spectral bats (D:4)
  3 bat skeletons (D:4)
  A bat zombie (D:4)
  6 giant cockroaches
  5 goblins
  7 hobgoblins
  7 jackals
  5 quokkas
  3 ball pythons
  17 bats
  A bat simulacrum (D:4)
  3 frilled lizards
  9 kobolds
  A leopard gecko skeleton (D:4)
  A quokka skeleton (D:4)
  10 rats
304 creatures vanquished.

Vanquished Creatures (collateral kills)
  A hydra (Lair:3)
  A komodo dragon (Lair:3)
  A blink frog (Lair:2)
  Grum (D:8)
  A wolf (D:8)
5 creatures vanquished.

Vanquished Creatures (others)
  5 fungi
  A plant (Lair:3)
6 creatures vanquished.

Grand Total: 315 creatures vanquished

Notes
Turn   | Place    | Note
-------+----------+-------------------------------------------
     0 | D:1      | Lochraine the Minotaur Berserker began the quest for the Orb.
     0 | D:1      | Reached XP level 1. HP: 19/19 MP: 0/0
   127 | D:1      | Reached skill level 4 in Long Blades
   146 | D:1      | Reached XP level 2. HP: 20/26 MP: 1/1
   234 | D:1      | Reached skill level 5 in Long Blades
   303 | D:1      | Reached XP level 3. HP: 10/31 MP: 2/2
   521 | D:1      | Reached ** piety under Trog
  1050 | D:2      | Reached XP level 4. HP: 33/39 MP: 3/3
  1099 | D:2      | Found a shimmering altar of Xom.
  1482 | D:2      | Found a shadowy altar of Dithmenos.
  1738 | D:2      | Found a sparkling altar of Nemelex Xobeh.
  2178 | D:3      | Noticed Grinder
  2190 | D:3      | Killed Grinder
  2190 | D:3      | Reached skill level 5 in Shields
  2190 | D:3      | Reached XP level 5. HP: 30/45 MP: 4/4
  2190 | D:3      | Reached XP level 6. HP: 35/51 MP: 5/5
  2411 | D:3      | Reached skill level 5 in Fighting
  2457 | D:3      | Noticed Terence
  2469 | D:3      | Killed Terence
  2750 | D:4      | Found a glowing drain.
  2755 | D:4      | Reached *** piety under Trog
  2801 | D:4      | Reached XP level 7. HP: 49/63 MP: 6/6
  2839 | D:4      | Noticed azzavlup's ghost (novice DrMo)
  2858 | D:4      | Killed azzavlup's ghost
  2858 | D:4      | Reached skill level 5 in Dodging
  3108 | D:4      | Reached skill level 6 in Long Blades
  3211 | D:4      | Reached XP level 8. HP: 70/70 MP: 7/7
  3344 | D:4      | Reached skill level 7 in Long Blades
  3401 | D:5      | Entered Level 5 of the Dungeon
  3535 | D:5      | Found Jucsu's Armour Emporium.
  3700 | D:5      | Found a bloodstained altar of Trog.
  3980 | D:5      | Reached skill level 8 in Long Blades
  4052 | D:6      | Reached **** piety under Trog
  4098 | D:6      | Reached skill level 5 in Armour
  4438 | D:6      | Found a staircase to the Ecumenical Temple.
  4456 | Temple   | Entered the Ecumenical Temple
  4709 | D:6      | Found a hide-covered altar of Uskayaw.
  4724 | D:6      | Found a basalt altar of Yredelemnul.
  4725 | D:6      | Found a radiant altar of Vehumet.
  4729 | D:6      | Found a hazy altar of Hepliaklqana.
  4841 | D:7      | Reached XP level 9. HP: 56/73 MP: 8/8
  5043 | D:7      | Reached skill level 1 in Evocations
  6056 | D:7      | Reached skill level 5 in Evocations
  6064 | D:7      | Reached ***** piety under Trog
  6295 | D:8      | Noticed Grum
  6307 | D:8      | Killed Grum
  6307 | D:8      | Reached XP level 10. HP: 55/81 MP: 14/14
  6697 | D:8      | Found a staircase to the Lair.
  6742 | D:8      | Got a faintly humming plate armour
  6743 | D:8      | Identified the +7 plate armour "Zigept" {rElec MR+ Str-3 Int+5} (You found it on level 8 of the Dungeon)
  6920 | D:9      | Noticed Gastronok
  6952 | Lair:1   | Entered Level 1 of the Lair of Beasts
  7195 | Lair:1   | Noticed a black mamba
  7206 | Lair:1   | Killed a black mamba
  7206 | Lair:1   | Reached skill level 10 in Armour
  7780 | Lair:1   | Reached skill level 9 in Long Blades
  7900 | Lair:1   | Reached skill level 10 in Long Blades
  8234 | Lair:2   | Noticed a spiny frog
  8249 | Lair:2   | Killed a spiny frog
  8511 | Lair:2   | Reached XP level 11. HP: 80/89 MP: 16/16
  9048 | Lair:2   | Found a staircase to the Shoals.
  9691 | Lair:2   | Reached skill level 11 in Long Blades
  9985 | Lair:3   | Reached skill level 12 in Long Blades
 10032 | Lair:3   | Noticed an eight-headed hydra
 10087 | Lair:3   | Killed an eight-headed hydra
 10151 | Lair:3   | Reached XP level 12. HP: 79/102 MP: 17/17
 10374 | Lair:3   | Reached skill level 13 in Long Blades
 10899 | Lair:4   | Reached skill level 14 in Long Blades
 11136 | Lair:4   | Reached skill level 10 in Fighting
 11141 | Lair:4   | Slain by a spiny frog

Vault maps used:
D:1:      tarquinn_simple_flora_water_d, hangedman_decor_opposing,
          minmay_circled_x
D:2:      xom_butterflies, grunt_dithmenos_smoke, nemelex_lonely_heart_becter
D:3:      kennysheep_six_static_rooms, uniq_terence, uniq_grinder
D:4:      first_bread, gup_sewer_entry_glass, goddamned_bats
D:5:      bloody_trog, serial_shops, shop
D:6:      minitemple
D:7:      grunt_livestock
D:8:      minmay_lair_entry_lava, uniq_grum
D:9:      minmay_chopped_fan, grunt_temple_overflow_cloverleaf,
          zombieorc2_lemuel, minmay_variable_closet, uniq_erica, uniq_gastronok
Temple:   eino_temple_lava
Lair:1:   serial_bayou_shore_b
Lair:2:   minmay_shoals_entry_beasts
Lair:3:   grunt_megastairs_5
Lair:4:   regret_index_bee_streams, guppyfry_snake_entry_garden

Skill      XL: |  1  2  3  4  5  6  7  8  9 10 11 12 |
---------------+-------------------------------------+-----
Long Blades    | 4 5 6 8 10 12 14 | 14.0
Armour         | 3 4 8 9 10 13 | 13.0
Shields        | 5 |  5.0
Fighting       | 6 8 10 | 10.1
Dodging        | 5 |  5.2
Evocations     | 7 8 |  8.2

Action                   |  1- 3 |  4- 6 |  7- 9 | 10-12 || total
-------------------------+-------+-------+-------+-------++-------
Melee: Falchion          |    37 |    74 |   360 |  1060 ||  1531
       Headbutt          |    12 |    21 |    89 |   247 ||   369
       Mace              |    31 |    58 |    60 |     4 ||   153
Invok: Berserk           |     2 |     2 |     3 |     6 ||    13
       Brothers in Arms  |       |       |     1 |     3 ||     4
       Trog's Hand       |       |       |       |     3 ||     3
Evoke: Wand              |       |       |       |     9 ||     9
       Phial of floods   |       |       |       |     1 ||     1
  Use: Scroll            |       |       |     8 |     7 ||    15
  Eat: Chunk             |     3 |     7 |    12 |    21 ||    43
       Pizza             |       |       |     1 |     1 ||     2
       Beef jerky        |       |       |     1 |     1 ||     2
Armor: Animal skin       |    12 |     5 |       |       ||    17
       Ring mail         |       |    33 |   132 |     9 ||   174
       Leather armour    |       |     1 |       |       ||     1
       Plate armour      |       |       |       |   495 ||   495
Dodge: Dodged            |    55 |    55 |   211 |   323 ||   644
Block: Buckler           |       |    22 |    73 |   180 ||   275
